 Dungeon Crawl Stone Soup version 0.29.1-15-g9cfb28693d (webtiles) character file.

Game seed: 3708441268600855704

2 croobank the Sneak (level 1, 0/16 HPs)
             Began as an Octopode Delver on Mar 7, 2023.
             Succumbed to a water moccasin's poison
             ... on level 5 of the Dungeon.
             The game lasted 00:02:22 (277 turns).

croobank the Sneak (Octopode Delver)                 Turns: 277, Time: 00:02:22

Health: 0/16       AC:  1    Str: 11    XL:     1   Next: 30%
Magic:  1/1        EV: 13    Int: 12    God:
Gold:   27         SH:  0    Dex: 13    Spells: 0/0 levels left

rFire   . . .      SeeInvis .   a - +0 hand axe
rCold   . . .      Faith    .   (no shield)
rNeg    . . .      Spirit   .   (helmet restricted)
rPois   .          Reflect  .   (no amulet)
rElec   .          Harm     .   h - ring of flight
rCorr   .          Rampage  .   (no ring)
Will    .....                   (no ring)
Stlth   ++++......              (no ring)
HPRegen 0.05/turn               (no ring)
MPRegen 0.07/turn               (no ring)
                                (no ring)
                                (no ring)

@: lethally poisoned (0 -> -1), flying
A: almost no armour, amphibious, 8 rings, camouflage 1, gelatinous body 1,
(nimble swimmer 1), tentacles
a: no special abilities


You were on level 5 of the Dungeon.
You visited 1 branch of the dungeon, and saw 3 of its levels.

You collected 27 gold pieces.

Inventory:

Hand Weapons
 a - a +0 hand axe (weapon)
 m - a +0 short sword
Missiles
 j - 6 curare-tipped darts (quivered)
Magical Staves
 g - a staff of poison
Jewellery
 h - a ring of flight (left tentacle)
Wands
 f - a wand of digging (3)
 i - a wand of flame (25)
 l - a wand of paralysis (9)
Scrolls
 b - a scroll of fog
 c - a scroll of magic mapping
 d - 2 scrolls of fear
 k - 2 scrolls of identify {unknown}
Potions
 e - a potion of haste


   Skills:
 + Level 3.0 Fighting
 + Level 2.0 Axes
 + Level 2.0 Dodging
 + Level 6.6 Stealth


You couldn't memorise any spells.
You didn't know any spells.
Your spell library was empty.

Dungeon Overview and Level Annotations

Branches:
Dungeon (7/15)
 Temple: D:4-7

Altars:
Trog
Uskayaw


Innate Abilities, Weirdness & Mutations

You cannot wear most types of armour.
You are amphibious.
You can wear up to eight rings at the same time.
Your skin changes colour to match your surroundings (Stealth+).
Your rubbery body absorbs attacks. (AC +1, EV +1)
((You are camouflaged when in or above water. (Stealth+)))
You have tentacles for arms and can constrict up to eight enemies at once.


Message History

The water moccasin completely misses you.
The water moccasin bites you!
You are lethally poisoned!
The water moccasin poisons you!
Aiming: Paralyse
Press: ? - help, Shift-Dir - straight line, f - water moccasin
Aim: a water moccasin (chance to affect: 49%)
The water moccasin resists with some effort.
You feel sick. The water moccasin misses you.
Aiming: Paralyse
Press: ? - help, Shift-Dir - straight line, f/p - water moccasin
Aim: a water moccasin (chance to affect: 49%)
The water moccasin suddenly stops moving!
You feel sick.
Okay, then.
The helpless water moccasin fails to defend itself.
You hit the water moccasin. You grab the water moccasin.
The water moccasin is lightly wounded.
You constrict the water moccasin.
* * * LOW HITPOINT WARNING * * *
You feel sick.
The helpless water moccasin fails to defend itself.
You hit the water moccasin.
The water moccasin is moderately wounded.
You constrict the water moccasin.
* * * LOW HITPOINT WARNING * * *
You feel sick.
Okay, then.
The helpless water moccasin fails to defend itself.
You hit the water moccasin.
You squeeze the water moccasin, but do no damage.
The water moccasin is heavily wounded.
You constrict the water moccasin.
* * * LOW HITPOINT WARNING * * *
You feel sick.
The helpless water moccasin fails to defend itself.
You hit the water moccasin. You squeeze the water moccasin.
The water moccasin is severely wounded.
You constrict the water moccasin.
You die...

......###...†..
.......##......
#####...#####.##
#..............#
#.###...#######.
# #.# ##....# #
#.## #.# #..#.#
# #...##.#
#..#.# #..S@..#
#..#.# #...####
#..#.. #..#
#..#.##. ....
#..#PP


.PP #.... #...P. ... ..#.. PPPPP.P # .. ...P.P #.# P P.P.P P.P..sP You could see
a water moccasin (paralysed).

Vanquished Creatures
  An orc (D:6)
1 creature vanquished.

Notes
Turn   | Place    | Note
-------+----------+-------------------------------------------
     0 | D:5      | croobank the Octopode Delver began the quest for the Orb.
     0 | D:5      | Reached XP level 1. HP: 16/16 MP: 1/1
     6 | D:6      | Noticed an orc priest
   152 | D:5      | Noticed an orc wizard
   152 | D:5      | Noticed an orc priest
   152 | D:5      | Found a bloodstained altar of Trog.
   167 | D:5      | Noticed a scorpion
   232 | D:5      | Found a hide-covered altar of Uskayaw.
   233 | D:5      | Noticed a hound
   269 | D:5      | Noticed a water moccasin
   277 | D:5      | Succumbed to a water moccasin's poison

Illustrated notes

Levels and vault maps discovered:
D:5:      layout_loops_ring, grunt_dithmenos_smoke,
          mainiacjoe_overflow_concentric_impassable,
          nicolae_uskayaw_murder_on_the_dancefloor, kennysheep_flooded_box,
          minmay_hedge_maze, uniq_blork_the_orc
D:6:      cheibrodos_two_vegetables, layout_basic
D:7:      layout_rooms, nicolae_tso_besieged_by_evil,
          minmay_temple_entry_nine_rooms

Action                   || total
-------------------------++-------
Melee: Hand axe          ||    10
       Tentacles         ||     5
       Constrict         ||     2
Evoke: Wand              ||     2
 Stab: Paralysed         ||     4
       Sleeping          ||     1
Armor: Skin              ||     1
Dodge: Dodged            ||     4
